 Dungeon Crawl Stone Soup version 0.26.0-18-gc5c842f807 (webtiles) character file.

Game seed: 8301409609999965158

32626 112233 the Grappler (level 13, -3/91 HPs)
             Began as an Octopode Fighter on Jan 22, 2021.
             Was the Champion of Cheibriados.
             Slain by a yak (8 damage)
             ... while petrified by a basilisk
             ... on level 2 of the Lair of Beasts.
             The game lasted 00:17:34 (16185 turns).

112233 the Grappler (Octopode Fighter)             Turns: 16185, Time: 00:17:34

Health: -3/91      AC:  1    Str: 33    XL:     13   Next: 65%
Magic:  21/21      EV:  2    Int: 26    God:    Cheibriados [******]
Gold:   1032       SH:  0    Dex: 33    Spells: 13/23 levels left

rFire    + . .     SeeInvis .     - Unarmed
rCold    + . .     Faith    .   a - +0 kite shield
rNeg     + + +     Spirit   .   (helmet restricted)
rPois    ∞         Reflect  +   d - amulet of reflection
rElec    +         Harm     .   p - +4 ring of evasion
rCorr    .         Rampage  .   E - ring "Poakhoga" {rElec rC+ Dex+5}
Will     .....                  K - ring of stealth
Stlth    ++++......             L - ring of protection from fire
HPRegen  0.25/turn              (no ring)
MPRegen  0.17/turn              (no ring)
                                (no ring)
                                (no ring)

@: petrified, very slow
A: almost no armour, stealthy swim, amphibious, 8 rings, constrict 8, camouflage
1, gelatinous body 1
a: Renounce Religion, Bend Time, Temporal Distortion, Slouch, Step From Time


You were on level 2 of the Lair of Beasts.
You worshipped Cheibriados.
Cheibriados was exalted by your worship.
You visited 2 branches of the dungeon, and saw 19 of its levels.

You collected 1146 gold pieces.
You spent 114 gold pieces at shops.

Inventory:

Hand Weapons
 c - a +0 dagger
 S - the +10 dark maul {vorpal}
   (You found it on level 1 of the Lair of Beasts)

   It inflicts extra damage upon your enemies.
Missiles
 r - 18 poisoned darts (quivered)
 D - 3 curare-tipped darts
 F - 8 javelins
 Q - 2 throwing nets {!f}
Armour
 a - a +0 kite shield (worn)
 j - a +0 tower shield
Jewellery
 b - an uncursed ring of fire
 d - an amulet of reflection (around mantle)
 f - an uncursed amulet of the acrobat
 p - a +4 ring of evasion (left tentacle)
 y - an uncursed amulet of faith {unknown}
 E - the ring "Poakhoga" (right tentacle) {rElec rC+ Dex+5}
   (You found it on level 6 of the Dungeon)

   [ring of protection from cold]

   It affects your dexterity (+5).
   It protects you from cold.
   It insulates you from electricity.
 K - a ring of stealth (on tentacle)
 L - a ring of protection from fire (on tentacle)
 O - an uncursed ring of fire
Wands
 z - a wand of disintegration (6)
 A - a wand of enslavement (3)
 H - a wand of iceblast (37)
Scrolls
 e - 3 scrolls of enchant weapon
 i - 2 scrolls of fear
 k - 3 scrolls of immolation
 n - 5 scrolls of blinking
 o - 3 scrolls of remove curse {@r2}
 q - 3 scrolls of random uselessness
 s - 2 scrolls of magic mapping {unknown}
 B - 4 scrolls of amnesia {unknown}
 C - 3 scrolls of teleportation {unknown}
 G - 3 scrolls of identify {@r1}
 I - 2 scrolls of fog {unknown}
 J - 2 scrolls of enchant armour
 M - 5 scrolls of vulnerability
 R - a scroll of summoning {unknown}
 U - a scroll of silence {unknown}
 W - a scroll of acquirement {unknown}
Potions
 g - a potion of resistance {unknown}
 h - 6 potions of curing {@q1}
 l - 4 potions of heal wounds
 m - 2 potions of lignification {unknown}
 t - 3 potions of flight {unknown}
 u - a potion of haste {unknown}
 v - 3 potions of invisibility {unknown}
 w - a potion of mutation {unknown}
 x - 2 potions of berserk rage {unknown}
 N - 2 potions of attraction {unknown}
 P - a potion of magic {unknown}
 T - a potion of degeneration {unknown}
 V - a potion of cancellation {unknown}


   Skills:
 + Level 9.7 Fighting
 + Level 9.8 Dodging
 + Level 9.8 Shields
 * Level 12.8 Unarmed Combat
 + Level 5.6 Spellcasting
 + Level 6.0 Transmutations
 + Level 6.5 Invocations
 + Level 0.7 Evocations


You had 13 spell levels left.
You knew the following spells:

 Your Spells              Type           Power        Failure   Level
a - Beastly Appendage     Tmut           76%          1%          1
b - Wereblood             Tmut           38%          1%          2
c - Blade Hands           Tmut           19%          32%         5
d - Blink                 Tloc           N/A          22%         2

Your spell library contained the following spells:

 Spells                   Type           Power        Failure   Level
 Passwall                 Tmut/Erth      19%          6%          2
 Spider Form              Tmut/Pois      11%          12%         3
 Magic Dart               Conj           28%          14%         1
 Sandblast                Erth           14%          14%         1
 Call Imp                 Summ           7%           22%         2
 Slow                     Hex            7%           22%         2
 Ice Form                 Ice/Tmut       23%          36%         4
 Petrify                  Tmut/Erth      23%          36%         4
 Conjure Flame            Conj/Fire      7%           38%         3
 Mephitic Cloud           Conj/Pois/Air  7%           38%         3
 Stone Arrow              Conj/Erth      14%          38%         3
 Lee's Rapid Deconstruct  Erth           3%           98%         5


Dungeon Overview and Level Annotations

Branches:
Dungeon (15/15)            Temple (0/1) D:5            Lair (4/6) D:10
    Orc (0/2) D:12
  Swamp: Lair:2-4    Shoals: Lair:2-4     Snake: Lair:2-4    Spider: Lair:2-4
 Vaults: D:13-14     Depths: D:15

Altars:
Ashenzari
Cheibriados
Elyvilon
Fedhas
Gozag
Makhleb
Nemelex Xobeh
Okawaru
Qazlal
Ru
Sif Muna
Trog
Uskayaw
Wu Jian
Yredelemnul

Shops:
D:4 ?

Annotations:
D:6 2 runed translucent doors
D:10 exclusion: downstairs
D:12 exclusion: oklob plant


Innate Abilities, Weirdness & Mutations

You cannot wear most types of armour.
You are very stealthy in the water. (Stealth+)
You are amphibious.
You can wear up to eight rings at the same time.
You can use your tentacles to constrict eight enemies at once.
Your skin changes colour to match your surroundings (Stealth+).
Your rubbery body absorbs attacks. (AC +1, EV +1)


Message History

* * * LOW HITPOINT WARNING * * *
The yak gores you!
* * * LOW HITPOINT WARNING * * *
The yak gores you.
* * * LOW HITPOINT WARNING * * *
The bullfrog hits you.
* * * LOW HITPOINT WARNING * * *
The basilisk bites you but does no damage.
The yak gores you!!
* * * LOW HITPOINT WARNING * * *
The yak gores you.
* * * LOW HITPOINT WARNING * * *
The bullfrog hits you.
* * * LOW HITPOINT WARNING * * *
The basilisk gazes at you.
You easily resist.
The yak bellows! x3
The yak bellows!
The bullfrog barely misses you. The yak gores you. The yak gores you!
You die...

.. ...# ..# .
.... ..# #...
.. ##..##.#
#......
#.....###
#..Yl...####
##..F@Y...(..
#...Y......#.
#....Y..###..?.
#.......# ...
#..Y.Y.## .
....Y..##
......# ....#^
...#.#


You could see 7 yaks, a basilisk and a bullfrog.

Vanquished Creatures
  A fire dragon (D:13)
  4 hydras
  A boulder beetle (Lair:3)
  A death knight (D:12)
  4 two-headed ogres
  A tengu warrior (D:10)
  2 ugly things
  A deep elf mage (D:11)
  A manticore (D:13)
  2 cyclopes (D:11)
  Maurice (D:8)
  Psyche (D:10)
  A torpor snail (D:11)
  2 black mambas
  4 cane toads
  10 komodo dragons
  A rime drake (Lair:3)
  A polar bear (Lair:4)
  4 trolls
  3 hornets (D:12)
  A slime creature (D:11)
  8 blink frogs
  2 wyverns
  6 wraiths
  29 yaks
  2 basilisks (Lair:3)
  A soldier ant (D:12)
  5 water moccasins
  5 ice beasts
  2 phantoms
  An eye of draining (D:13)
  9 orc warriors
  3 sky beasts
  4 black bears
  3 necrophages
  4 ogres
  3 wolves (Lair:1)
  7 centaurs
  Blork the orc (D:5)
  10 bullfrogs
  2 wyvern skeletons
  6 scorpions
  An oklob sapling (D:12)
  19 killer bees
  A howler monkey (D:4)
  9 wights
  A quasit (D:10)
  2 bullfrog zombies
  A bullfrog skeleton (D:10)
  3 jellies
  10 orc wizards
  2 hounds
  4 orc priests
  Ijyb (D:3)
  Natasha (thrice) (D:3)
  2 iguanas
  7 worker ants
  A killer bee zombie (D:9)
  A hound zombie (D:11)
  2 worker ant zombies
  15 adders
  A shadow imp (D:6)
  2 white imps
  An ufetubus (D:10)
  2 adder skeletons
  An adder zombie (D:9)
  A worm (D:3)
  2 dart slugs
  6 leopard geckos
  38 orcs
  8 ball pythons
  11 bats
  14 giant cockroaches
  10 goblins
  8 hobgoblins
  3 jackals
  4 quokkas
  5 frilled lizards
  6 kobolds
  A leopard gecko skeleton (D:4)
  A leopard gecko zombie (D:5)
  11 rats
381 creatures vanquished.

Vanquished Creatures (others)
  2 bushes (Lair:3)
  16 fungi
  38 plants
56 creatures vanquished.

Grand Total: 437 creatures vanquished

Notes
Turn   | Place    | Note
-------+----------+-------------------------------------------
     0 | D:1      | 112233 the Octopode Fighter began the quest for the Orb.
     0 | D:1      | Reached XP level 1. HP: 16/16 MP: 1/1
    54 | D:1      | Reached XP level 2. HP: 16/21 MP: 2/2
   158 | D:1      | Found a snail-covered altar of Cheibriados.
   167 | D:1      | Became a worshipper of Cheibriados the Contemplative
   533 | D:1      | Reached XP level 3. HP: 26/26 MP: 3/3
   797 | D:1      | Reached * piety under Cheibriados
  1246 | D:2      | Reached skill level 3 in Unarmed Combat
  1246 | D:2      | Reached XP level 4. HP: 31/31 MP: 4/4
  1316 | D:2      | Found a shimmering blue altar of Sif Muna.
  1500 | D:2      | Found a broken altar of Ashenzari.
  1501 | D:2      | Found a snail-covered altar of Cheibriados.
  1956 | D:3      | Reached ** piety under Cheibriados
  1991 | D:3      | Found a blossoming altar of Fedhas.
  2012 | D:3      | Noticed Natasha
  2022 | D:3      | Killed Natasha
  2023 | D:3      | Reached XP level 5. HP: 15/37 MP: 5/5
  2475 | D:3      | Noticed Ijyb
  2523 | D:4      | Found a sparkling altar of Nemelex Xobeh.
  2524 | D:4      | Found a burning altar of Makhleb.
  2524 | D:4      | Found a white marble altar of Elyvilon.
  2569 | D:4      | Found Fidwekh's Magic Scroll Shoppe.
  2577 | D:4      | Bought a scroll of blinking for 90 gold pieces
  2577 | D:4      | Bought a scroll of identify for 24 gold pieces
  2609 | D:4      | Noticed a phantom
  2668 | D:4      | Killed a phantom
  2669 | D:4      | Reached skill level 4 in Unarmed Combat
  2669 | D:4      | Reached XP level 6. HP: 32/43 MP: 6/6
  3160 | D:4      | Found an ornate altar of the Wu Jian Council.
  3230 | D:3      | Reached *** piety under Cheibriados
  3289 | D:3      | Killed Ijyb
  3299 | D:3      | Found an iron altar of Okawaru.
  3325 | D:3      | Noticed Natasha
  3333 | D:3      | Killed Natasha
  3334 | D:3      | Reached XP level 7. HP: 49/49 MP: 7/7
  3411 | D:3      | Noticed Natasha
  3419 | D:3      | Killed Natasha
  3912 | D:5      | Entered Level 5 of the Dungeon
  3916 | D:5      | Noticed Blork the orc
  3928 | D:5      | Killed Blork the orc
  3929 | D:5      | Reached skill level 5 in Unarmed Combat
  4140 | D:5      | Found a staircase to the Ecumenical Temple.
  4456 | D:6      | Reached XP level 8. HP: 51/54 MP: 8/8
  4462 | D:6      | Reached skill level 5 in Fighting
  4541 | D:6      | Reached skill level 5 in Shields
  4545 | D:6      | Reached skill level 5 in Dodging
  4545 | D:6      | Reached skill level 6 in Unarmed Combat
  4745 | D:6      | Reached **** piety under Cheibriados
  4933 | D:6      | Reached skill level 7 in Unarmed Combat
  5314 | D:6      | Found a runed translucent door.
  5332 | D:6      | Found a hide-covered altar of Uskayaw.
  5348 | D:6      | Got a translucent lead ring
  5454 | D:6      | Found a runed translucent door.
  5868 | D:8      | Reached XP level 9. HP: 62/62 MP: 9/9
  6005 | D:8      | Found a stormy altar of Qazlal.
  6007 | D:8      | Found a bloodstained altar of Trog.
  6010 | D:8      | Found an opulent altar of Gozag.
  6043 | D:8      | Reached ***** piety under Cheibriados
  6222 | D:8      | Noticed Maurice
  6231 | D:8      | Killed Maurice
  6232 | D:8      | Reached skill level 8 in Unarmed Combat
  6566 | D:7      | Found a sacrificial altar of Ru.
  7025 | D:8      | Identified the ring "Poakhoga" {rElec rC+ Dex+5} (You found
                  | it on level 6 of the Dungeon)
  7207 | D:9      | Reached skill level 9 in Unarmed Combat
  7207 | D:9      | Reached XP level 10. HP: 52/69 MP: 10/10
  8101 | D:9      | Noticed a two-headed ogre
  8110 | D:9      | Killed a two-headed ogre
  8445 | D:9      | Learned a level 1 spell: Beastly Appendage
  8448 | D:9      | Learned a level 2 spell: Wereblood
  8454 | D:9      | Learned a level 5 spell: Blade Hands
  8530 | D:9      | Noticed an eight-headed hydra
  8542 | D:9      | Killed an eight-headed hydra
  8543 | D:9      | Reached skill level 10 in Unarmed Combat
  8543 | D:9      | Reached skill level 1 in Spellcasting
  8543 | D:9      | Reached skill level 1 in Transmutations
  8543 | D:9      | Reached skill level 1 in Invocations
  9056 | D:10     | Entered Level 10 of the Dungeon
  9060 | D:10     | Noticed a tengu warrior
  9075 | D:10     | Killed a tengu warrior
  9076 | D:10     | Reached XP level 11. HP: 56/77 MP: 13/13
  9556 | D:10     | Found a basalt altar of Yredelemnul.
  9626 | D:10     | Noticed a two-headed ogre
  9638 | D:10     | Killed a two-headed ogre
  9974 | D:10     | Found a staircase to the Lair.
  9979 | D:10     | Reached ****** piety under Cheibriados
 10238 | D:11     | Noticed a brown ugly thing
 10240 | D:11     | Noticed a cyclops
 10251 | D:10     | Killed a brown ugly thing
 10264 | D:11     | Noticed a two-headed ogre
 10264 | D:11     | Noticed an eight-headed hydra
 10373 | D:11     | Noticed Psyche
 10601 | D:11     | Killed a cyclops
 10664 | D:10     | Killed a two-headed ogre
 10715 | D:11     | Noticed a two-headed ogre
 10896 | D:10     | Killed a two-headed ogre
 10897 | D:10     | Reached skill level 11 in Unarmed Combat
 11019 | D:10     | Killed Psyche
 11158 | D:11     | Noticed a deep elf mage
 11190 | D:11     | Killed a deep elf mage
 11191 | D:11     | Reached XP level 12. HP: 84/84 MP: 17/17
 11217 | D:11     | You fall into a shaft and drop 1 floor!
 11324 | D:12     | Found a staircase to the Orcish Mines.
 11445 | D:12     | Noticed a death knight
 11452 | D:12     | Killed a death knight
 11761 | D:12     | You fall into a shaft and drop 3 floors!
 11761 | D:15     | Entered Level 15 of the Dungeon
 11762 | D:15     | Noticed an ogre mage
 11762 | D:15     | Noticed a two-headed ogre
 11844 | D:13     | Noticed a fire dragon
 11881 | D:13     | Killed a fire dragon
 11882 | D:13     | Reached skill level 5 in Invocations
 12639 | D:11     | an eight-headed hydra changed into a torpor snail
 12768 | D:11     | Noticed an eight-headed hydra
 12780 | D:11     | Reached skill level 12 in Unarmed Combat
 12835 | D:11     | an eight-headed hydra changed into a slime creature
 13054 | Lair:1   | Entered Level 1 of the Lair of Beasts
 13118 | Lair:1   | Reached skill level 5 in Transmutations
 13290 | Lair:1   | Reached XP level 13. HP: 72/90 MP: 20/20
 13728 | Lair:1   | Found the +10 dark maul {vorpal}
 13886 | Lair:1   | Reached skill level 5 in Spellcasting
 14269 | Lair:2   | You fall into a shaft and drop 2 floors!
 15148 | Lair:3   | Learned a level 2 spell: Blink
 16185 | Lair:2   | Slain by a yak

Illustrated notes

Levels and vault maps discovered:
D:1:      eino_arrival_tree_alley, layout_basic, serial_glass, glass_columns_c,
          glass_columns_b, due_unseen_surprise, cheibriados_altar_1
D:2:      layout_loops_cross, lemuel_blue_sif_altar,
          gammafunk_temple_overflow_pools
D:3:      minmay_roachtagon, layout_basic, general_overflow_altar,
          chequers_big_river, amethyst_killhole, fedhas_altar_3, uniq_natasha,
          uniq_ijyb
D:4:      layout_gridville, gammafunk_temple_overflow_forgotten,
          lemuel_coloured_pillars_altar, serial_shops, shop
D:5:      layout_rooms, minmay_temple_entry_slanted,
          chequers_serial_rivers_small_b, uniq_blork_the_orc
D:6:      layout_rooms, overflow_temple_1_default, ebering_ghost_sewer_f,
          minmay_microvault
D:7:      layout_layer_cave, lemuel_crystal_altar
D:8:      layout_basic, grunt_temple_overflow_open, eino_tiny_chamber,
          uniq_maurice
D:9:      layout_basic
D:10:     layout_cave_pools, grunt_lair_entry_orc_guard_hut,
          yredelemnul_altar_generic
D:11:     layout_cross, uniq_psyche
D:12:     layout_stronghold, orc_david_3, introduction_to_nature_1
D:13:     layout_grid_maze, ximxim_vaults_locker_room, basic_altar, uniq_urug,
          uniq_snorg, uniq_sonja
D:14:     layout_irregular_city, serial_bayou_lagoon_a, uniq_kirke, uniq_rupert,
          uniq_frances
D:15:     gammafunk_depths_entry_grave, layout_basic, nicolae_ru_awakened_eye,
          small_statue_intersection, patterned_corridor, uniq_roxanne,
          uniq_louise, uniq_jorgrun
Lair:1:   layout_roguey, lemuel_another_geyser, infiniplex_staircase_pool
Lair:2:   layout_misc_corridors, elwin_shoals_entry_rocks,
          nicolae_spider_entry_orb_guardian
Lair:3:   layout_chaotic_city, grunt_forest_small_clearing_treed,
          grunt_megastairs_2
Lair:4:   layout_regular_city, basic_altar, st_stairs_9

Skill      XL: |  1  2  3  4  5  6  7  8  9 10 11 12 13 |
---------------+----------------------------------------+-----
Unarmed Combat | 3 4 5 7 9 10 11 12 | 12.8
Fighting       | 4 5 6 7 8 9 |  9.7
Dodging        | 4 5 6 7 8 9 |  9.8
Shields        | 4 5 6 7 8 9 |  9.8
Spellcasting   | 1 3 4 5 |  5.6
Transmutations | 2 3 5 6 |  6.0
Invocations    | 2 4 5 6 |  6.5
Evocations     | |  0.7

Action                   |  1- 3 |  4- 6 |  7- 9 | 10-12 | 13-15 || total
-------------------------+-------+-------+-------+-------+-------++-------
Melee: Unarmed           |    19 |    47 |   191 |   413 |   124 ||   794
       Constrict         |    29 |    29 |    43 |    77 |    18 ||   196
       Tentacles         |    12 |    35 |    91 |   186 |    45 ||   369
       Dagger            |    65 |    71 |       |       |       ||   136
       Punch             |     1 |     3 |    20 |    68 |    25 ||   117
Throw: Dart              |       |       |    11 |    18 |     5 ||    34
Evoke: Wand              |       |       |       |    12 |    10 ||    22
  Use: Potion            |       |       |     2 |     1 |     1 ||     4
       Scroll            |       |       |     5 |     5 |       ||    10
 Stab: Sleeping          |     6 |     7 |     6 |    12 |     9 ||    40
       Distracted        |       |       |       |     1 |     1 ||     2
Armor: Skin              |     5 |     6 |     6 |       |     3 ||    20
Dodge: Dodged            |    37 |    58 |    75 |   300 |    70 ||   540
Block: Kite shield       |    28 |    57 |    82 |   401 |    74 ||   642
       Reflection        |       |       |       |    26 |     1 ||    27
